 Dungeon Crawl Stone Soup version 0.20.1-1-g8b1a95d (webtiles) character file.

2464 vatarom the Zephyrmancer (level 9, -4/48 HPs)
             Began as a Tengu Air Elementalist on Oct 18, 2017.
             Was an Initiate of Vehumet.
             Shot with an arrow by a centaur (7 damage)
             ... on level 7 of the Dungeon.
             The game lasted 00:18:48 (7170 turns).

vatarom the Zephyrmancer (Tengu Air Elementalist)   Turns: 7170, Time: 00:18:49

Health: -4/48      AC:  5    Str: 10    XL:     9   Next: 50%
Magic:  1/18       EV: 12    Int: 28    God:    Vehumet [......]
Gold:   276        SH:  3    Dex: 19    Spells: 3/18 levels left

rFire    . . .     SeeInvis .   k - +5 mace (protect)
rCold    . . .     Gourm    .   (no shield)
rNeg     . . .     Faith    .   u - +1 leather armour "Iklu" {Int+7 Dex+4}
rPois    .         Spirit   .   (helmet restricted)
rElec    .         Reflect  +   (no cloak)
rCorr    .         Harm     .   y - +0 pair of gloves
MR       .....                  (boots unavailable)
Stlth    ++........             d - +3 amulet of reflection
Regen    0.2/turn               h - ring of wizardry
MPRegen  0.2/turn               m - +2 ring of intelligence

@: no status effects
A: beak, talons 3, frail 1, strong 1, wild magic 1, able to fly 1
a: Fly, Renounce Religion


You were on level 7 of the Dungeon.
You worshipped Vehumet.
Vehumet was noncommittal.
You were not hungry.

You visited 2 branches of the dungeon, and saw 8 of its levels.

You collected 348 gold pieces.
You spent 72 gold pieces at shops.

Inventory:

Hand Weapons
 k - a +5 mace of protection (weapon)
Armour
 u - the +1 leather armour "Iklu" (worn) {Int+7 Dex+4}
   (You found it on level 6 of the Dungeon)

   It affects your intelligence (+7).
   It affects your dexterity (+4).
 v - a +2 robe of cold resistance
 y - a +0 pair of gloves (worn)
Jewellery
 d - a +3 amulet of reflection (around neck)
 h - a ring of wizardry (left hand)
 j - an uncursed ring of resist corrosion
 m - a +2 ring of intelligence (right hand)
Wands
 s - a wand of enslavement (17/24)
 A - a wand of random effects (34/48)
Scrolls
 a - a scroll of magic mapping
 e - 2 scrolls of identify
 g - a scroll of blinking
 i - 2 scrolls of amnesia
 o - 2 scrolls of remove curse
 r - 2 scrolls of teleportation
 t - a scroll of fear
 w - a scroll of immolation
 B - a scroll of fog
Potions
 f - 2 potions of curing
 q - a potion of invisibility
 x - a potion of ambrosia
 D - a potion of lignification
Books
 b - a book of Air

   Spells                             Type                      Level
   a - Shock                          Conjuration/Air              1
   b - Swiftness                      Charms/Air                   2
   c - Static Discharge               Conjuration/Air              3
   d - Airstrike                      Air                          4
   e - Lightning Bolt                 Conjuration/Air              5
Comestibles
 c - 3 bread rations
 l - 3 royal jellies
 n - 6 meat rations
 p - 2 fruits
 z - 4 chunks of flesh


   Skills:
 + Level 5.4 Fighting
 - Level 2.1 Dodging
 - Level 2.0 Stealth
 + Level 5.4 Spellcasting
 + Level 7.5 Conjurations
 * Level 10.8 Air Magic


You had 3 spell levels left.
You knew the following spells:

 Your Spells              Type           Power        Failure   Level  Hunger
a - Shock                 Conj/Air       ####         1%          1    None
b - Swiftness             Chrm/Air       #####...     1%          2    None
c - Static Discharge      Conj/Air       ######..     1%          3    None
d - Airstrike             Air            ######....   1%          4    ###....
e - Lightning Bolt        Conj/Air       ######....   3%          5    #####..


Dungeon Overview and Level Annotations

Branches:
Dungeon (7/15)             Temple (1/1) D:6

Altars:
Ashenzari
Cheibriados
Dithmenos
Elyvilon
Fedhas
Gozag
Hepliaklqana
Kikubaaqudgha
Makhleb
Nemelex Xobeh
Qazlal
Ru
Sif Muna
Trog
Uskayaw
Vehumet
Yredelemnul
Zin
The Shining One

Shops:
D:5 *


Innate Abilities, Weirdness & Mutations

You have a beak for a mouth.
You have claws for feet.
You can fly.
You are frail. (-10% HP)
Your muscles are strong. (Str +2)
Your spells are a little harder to cast, but a little more powerful.


Message History

You kill the black bear!
Vehumet accepts your kill.
Casting: Shock
Confirm with . or Enter, or press ? or * to list all spells.
You don't have enough magic to cast that spell.
Unknown command.
You see here a black bear corpse.
You butcher the black bear corpse.
The centaur wields a shortbow.
The centaur shoots an arrow.
The arrow hits you!
* * * LOW HITPOINT WARNING * * *
Things that are here:
an arrow; 2 chunks of flesh The centaur shoots an arrow.
The arrow closely misses you.
You see here a bullfrog corpse.
You butcher the bullfrog corpse.
The centaur shoots an arrow.
The arrow closely misses you.
Things that are here:
4 chunks of flesh; a bullfrog skeleton The centaur shoots an arrow.
The arrow hits you!
You die...

#.........###.............
#.............######.....#
#.........##### #.....#
#.............######.....#
#.........###.....##.....#####
#.........######>..............
##########.......#...c...######
#.......##...........
#......@%.<........#
#.......#..)÷......#
#....(..#..÷.....<.#
#########..........##
#.............
.....###..####### ...### #...#
## ...... ....)...


You could see a centaur.

Vanquished Creatures
  Grinder (D:6)
  Sigmund (D:5)
  Menkaure (D:7)
  A sky beast (D:6)
  A black bear (D:7)
  A phantom (D:6)
  3 ogres
  2 centaurs
  4 bullfrogs
  A scorpion (D:5)
  3 wights
  A howler monkey (D:4)
  2 crimson imps
  2 hounds
  5 orc priests
  2 jellies
  5 orc wizards
  2 bullfrog skeletons
  4 worker ants
  An iguana (D:7)
  Terence (D:3)
  A hound skeleton (D:6)
  A worker ant zombie (D:7)
  3 adders
  A shadow imp (D:6)
  2 oozes
  An adder skeleton (D:5)
  6 worms
  2 leopard geckos (D:3)
  16 orcs
  8 giant cockroaches
  6 goblins
  7 hobgoblins
  4 jackals (D:3)
  2 kobolds
  3 quokkas
  6 bats
  5 frilled lizards
  A leopard gecko zombie (D:6)
  6 rats
125 creatures vanquished.

Notes
Turn   | Place    | Note
-------+----------+-------------------------------------------
     0 | D:1      | vatarom the Tengu Air Elementalist began the quest for the Orb.
     0 | D:1      | Reached XP level 1. HP: 10/10 MP: 4/4
   538 | D:1      | Reached XP level 2. HP: 16/16 MP: 4/6
   673 | D:1      | Learned a level 2 spell: Swiftness
   939 | D:1      | Reached skill level 1 in Fighting
  1219 | D:2      | Reached XP level 3. HP: 20/20 MP: 0/7
  1642 | D:2      | Gained mutation: Your spells are a little harder to cast, but a little more powerful. [potion of mutation]
  1642 | D:2      | Gained mutation: You are frail. (-10% HP) [potion of mutation]
  1642 | D:2      | Gained mutation: Your muscles are strong. (Str +2) [potion of mutation]
  1789 | D:2      | Found an ancient bone altar of Kikubaaqudgha.
  1940 | D:3      | Learned a level 3 spell: Static Discharge
  2228 | D:3      | Reached XP level 4. HP: 12/22 MP: 8/8
  2229 | D:3      | Reached skill level 5 in Air Magic
  2441 | D:3      | Noticed Terence
  2452 | D:3      | Killed Terence
  2896 | D:3      | Gained mutation: You can fly. [Tengu growth]
  2896 | D:3      | Reached XP level 5. HP: 27/27 MP: 4/9
  3131 | D:4      | Found a shattered altar of Ashenzari.
  3366 | D:4      | Reached skill level 6 in Air Magic
  3374 | D:4      | Reached XP level 6. HP: 15/32 MP: 1/11
  3778 | D:4      | Found a basalt altar of Yredelemnul.
  3903 | D:5      | Entered Level 5 of the Dungeon
  3904 | D:5      | Found a snail-covered altar of Cheibriados.
  3959 | D:5      | Reached XP level 7. HP: 22/36 MP: 3/13
  4042 | D:5      | Reached skill level 7 in Air Magic
  4096 | D:5      | Learned a level 4 spell: Airstrike
  4127 | D:5      | Found Onolul's Assorted Antiques.
  4131 | D:5      | Bought a scroll of teleportation for 72 gold pieces
  4222 | D:5      | Noticed Sigmund
  4296 | D:5      | Reached skill level 5 in Conjurations
  4545 | D:5      | Killed Sigmund
  4545 | D:5      | Reached skill level 8 in Air Magic
  4545 | D:5      | Reached XP level 8. HP: 13/43 MP: 1/14
  4778 | D:5      | Got an encrusted scale mail
  4779 | D:5      | Identified the +1 scale mail of Enauloholy {rF++ Dex+4} (You found it on level 5 of the Dungeon)
  4924 | D:5      | Learned a level 5 spell: Lightning Bolt
  5131 | D:6      | Got a twisted leather armour
  5146 | D:6      | Identified the +1 leather armour "Iklu" {Int+7 Dex+4} (You found it on level 6 of the Dungeon)
  5489 | D:6      | Reached skill level 9 in Air Magic
  6132 | D:6      | Found a staircase to the Ecumenical Temple.
  6132 | D:6      | Noticed Grinder
  6138 | D:6      | Killed Grinder
  6138 | D:6      | Reached skill level 10 in Air Magic
  6138 | D:6      | Reached XP level 9. HP: 47/47 MP: 5/17
  6156 | Temple   | Entered the Ecumenical Temple
  6377 | Temple   | Became a worshipper of Vehumet
  6418 | D:6      | Reached skill level 5 in Spellcasting
  6613 | D:6      | Reached skill level 5 in Fighting
  7130 | D:7      | Noticed Menkaure
  7133 | D:7      | Killed Menkaure
  7167 | D:7      | HP: 2/48 [centaur/arrow (12)]
  7170 | D:7      | Shot with an arrow by a centaur

Skill      XL: |  1  2  3  4  5  6  7  8  9 |
---------------+----------------------------+-----
Conjurations   | 2 3 4 5 6 7 |  7.5
Fighting       | 1 2 3 4 5 |  5.4
Air Magic      | 5 6 8 10 | 10.8
Spellcasting   | 3 4 5 |  5.4
Dodging        | |  2.1
Stealth        | |  2.0

Action                   |  1- 3 |  4- 6 |  7- 9 || total
-------------------------+-------+-------+-------++-------
Melee: Whip              |     4 |       |       ||     4
       Kick              |     4 |     5 |    13 ||    22
       Mace              |    26 |    22 |    49 ||    97
       Peck              |     1 |     1 |     4 ||     6
 Cast: Shock             |    55 |   100 |    99 ||   254
       Static Discharge  |     1 |     3 |     8 ||    12
       Airstrike         |       |       |    23 ||    23
       Lightning Bolt    |       |       |     4 ||     4
       Swiftness         |       |       |     1 ||     1
 Abil: Fly               |       |     2 |     1 ||     3
Evoke: Wand              |       |       |     2 ||     2
  Use: Scroll            |     5 |     7 |    12 ||    24
       Potion            |     4 |     4 |     1 ||     9
 Stab: Sleeping          |     1 |       |       ||     1
       Invisible         |       |     1 |       ||     1
  Eat: Chunk             |     5 |     6 |     6 ||    17
       Bread ration      |       |       |     2 ||     2
Armor: Robe              |     6 |    10 |    17 ||    33
       Leather armour    |       |       |    21 ||    21
Dodge: Dodged            |    25 |    34 |    67 ||   126
Block: Other             |       |       |    10 ||    10
       Reflection        |       |       |     2 ||     2
